AoeStats
← zwei

Fortress

509854042Analyzed
4v4 RM · 2d ago on Sep 28, 2026· 58m 20s· 8 players
Game mode
Random Map
Map size
Huge
Population
200
Speed
Normal
Resources
Standard
Victory
Conquest
Starting age
Dark Age
Ending age
Imperial Age
RankedLock teamsTeams togetherTeam positionsShared explorationLock speedFull tech treeHidden civsTurbo modeCheats
Victory
Defeat
🇨🇳 Byzantines · China
905
+15
🇨🇳 Celts · China
898
+15
🇨🇳 Franks · China
888
+15
🇩🇪 Khmer · Germany
833
+18
🇨🇳 Lithuanians · China
1054
-74
🇹🇼 Khitans · Taiwan
857
-23
🇨🇳 Saracens · China
811
-13
🇨🇳 Goths · China
764
-11
Olala
6:35 Loom
8:21 Feudal Age
11:13 Gold Mining
11:07 Domestication
11:15 Double-Bit Axe
14:41 Fletching
15:30 Padded Archer Armor
18:35 Castle Age
17:21 Stone Mining
17:38 Scale Mail Armor
17:52 Forging
18:33 Scale Barding Armor
19:12 Wheelbarrow
19:35 Thumb Ring
21:06 Wheelbarrow
20:04 Heavy Cavalry Archer
21:39 Bodkin Arrow
23:11 Ballistics
22:48 Murder Holes
23:21 Fervor
23:29 Town Watch
25:42 Leather Archer Armor
25:19 Treadmill Crane
28:05 Sanctity
28:26 Lamellar Armor
28:52 Masonry
30:57 Bow Saw
31:24 Stone Shaft Mining
30:55 Pastoralism
34:45 Iron Casting
37:52 Imperial Age
35:45 Hand Cart
36:45 Chain Mail Armor
37:33 Fortified Wall
37:37 Town Patrol
39:02 Parthian Tactics
38:44 Bracer
39:16 Ring Archer Armor
39:15 Conscription
40:22 Chemistry
41:57 Husbandry
41:21 Light Cavalry
41:56 Hussar
50:19 Squires
七年
9:56 Feudal Age
13:55 Horse Collar
29:15 Double-Bit Axe
34:38 Wheelbarrow
43:32 Castle Age
baiyileng
7:41 Feudal Age
14:55 Castle Age
13:13 Horse Collar
13:21 Double-Bit Axe
15:59 Gold Mining
22:26 Bow Saw
22:59 Gold Shaft Mining
22:45 Heavy Plow
22:38 Stone Mining
27:17 Forging
27:13 Scale Barding Armor
31:50 Imperial Age
29:06 Loom
29:07 Town Watch
30:02 Wheelbarrow
30:36 Iron Casting
30:04 Padded Archer Armor
29:55 Fletching
31:07 Caravan
31:39 Coinage
33:55 Blast Furnace
33:16 Chain Barding Armor
33:12 Leather Archer Armor
32:53 Bodkin Arrow
33:21 Ballistics
33:40 Conscription
34:44 Elite Mameluke
38:05 Chemistry
38:19 Elite Skirmisher
40:22 Thumb Ring
41:05 Banking
41:44 Plate Barding Armor
41:10 Bracer
41:40 Ring Archer Armor
41:11 Scale Mail Armor
1192339610
0:59 Loom
7:15 Feudal Age
14:07 Castle Age
15:50 Double-Bit Axe
15:48 Horse Collar
17:29 Anarchy
18:12 Squires
18:18 Scale Mail Armor
18:33 Forging
26:40 Wheelbarrow
26:25 Chain Mail Armor
27:10 Forging
27:08 Heavy Plow
27:21 Bow Saw
27:59 Pikeman
33:03 Hand Cart
36:21 Imperial Age
34:35 Iron Casting
40:27 Caravan
40:45 Elite Skirmisher
42:06 Treadmill Crane
43:27 Chemistry
42:47 Ballistics
命格
1:12 Loom
9:03 Feudal Age
10:16 Double-Bit Axe
13:32 Castle Age
11:37 Horse Collar
13:36 Man-at-Arms
14:49 Bow Saw
14:43 Heavy Plow
14:45 Long Swordsman
16:52 Wheelbarrow
21:53 Hand Cart
23:49 Fervor
26:58 Imperial Age
24:40 Gold Mining
24:43 Stone Mining
25:32 Forging
25:16 Stronghold
25:32 Scale Mail Armor
25:27 Town Watch
25:44 Gambesons
27:22 Gold Shaft Mining
27:25 Stone Shaft Mining
27:35 Iron Casting
27:46 Pikeman
27:49 Two-Handed Swordsman
28:52 Sanctity
28:55 Champion
29:53 Murder Holes
31:46 Blast Furnace
31:12 Conscription
32:23 Chemistry
31:17 Fletching
32:06 Chain Mail Armor
33:49 Ballistics
33:35 Siege Engineers
32:55 Halberdier
33:38 Husbandry
33:50 Elite Skirmisher
33:54 Heavy Scorpion
34:50 Masonry
36:13 Furor Celtica
36:02 Arson
37:44 Plate Mail Armor
37:12 Bodkin Arrow
37:19 Padded Archer Armor
41:20 Leather Archer Armor
40:28 Onager
40:58 Elite Woad Raider
43:06 Ring Archer Armor
43:26 Siege Onager
53:45 Spies/Treason
56:08 Fortified Wall
56:53 Hoardings
56:21 Cavalier
zwei
0:30 Loom
8:02 Feudal Age
7:05 Loom
11:57 Double-Bit Axe
14:18 Castle Age
13:00 Wheelbarrow
12:27 Stone Mining
13:11 Town Watch
14:38 Gold Mining
15:19 Bow Saw
16:26 Horse Collar
27:28 Imperial Age
27:09 Ballistics
28:23 Heavy Scorpion
30:52 Chemistry
29:50 Pikeman
30:45 Scale Mail Armor
32:19 Heavy Plow
33:06 Chain Mail Armor
33:02 Forging
32:16 Halberdier
33:30 Conscription
33:30 Caravan
37:00 Siege Engineers
37:03 Double Crossbow
39:04 Elite Ballista Elephant
54:09 Fletching
54:55 Iron Casting
54:43 Onager
54:43 Capped Ram
Kevin
0:31 Loom
8:28 Feudal Age
13:21 Castle Age
11:28 Double-Bit Axe
12:40 Horse Collar
20:49 Wheelbarrow
20:16 Heavy Plow
20:33 Bow Saw
21:32 Stone Mining
24:40 Gold Mining
25:26 Stone Shaft Mining
24:41 Pikeman
25:35 Scale Barding Armor
25:41 Forging
25:31 Scale Mail Armor
25:22 Fletching
25:32 Padded Archer Armor
26:16 Fortified Wall
27:08 Hand Cart
29:23 Imperial Age
27:37 Husbandry
28:00 Ballistics
27:35 Murder Holes
28:36 Gold Shaft Mining
28:19 Crossbowman
29:05 Thumb Ring
29:42 Iron Casting
29:03 Bodkin Arrow
29:23 Leather Archer Armor
29:29 Chain Barding Armor
31:12 Chain Mail Armor
30:30 Arbalester
31:46 Bracer
32:17 Conscription
32:51 Crop Rotation
33:23 Two-Man Saw
33:09 Elite Cataphract
34:54 Plate Barding Armor
34:49 Ring Archer Armor
36:41 Chemistry
35:58 Logistica
38:40 Plate Mail Armor
38:57 Hoardings
53:16 Spies/Treason
笨手笨脚还爱玩
0:31 Loom
7:48 Feudal Age
8:33 Double-Bit Axe
13:43 Castle Age
14:01 Fletching
14:11 Padded Archer Armor
16:43 Bow Saw
20:00 Wheelbarrow
28:40 Imperial Age
26:22 Murder Holes
26:34 Murder Holes
27:33 Ballistics
28:17 Hand Cart
30:01 Conscription
29:06 Cavalier
29:48 Husbandry
31:38 Chemistry
31:49 Squires
31:35 Arson
35:44 Masonry
35:19 Paladin
36:15 Scale Barding Armor
37:52 Elite Skirmisher
39:05 Chain Barding Armor
38:56 Forging
39:03 Leather Archer Armor
38:44 Bodkin Arrow
39:22 Architecture
46:01 Plate Barding Armor
46:01 Iron Casting
52:42 Siege Engineers
53:42 Blast Furnace
52:43 Scale Mail Armor
Connection lost

Rejoining the realm…

Still unreachable

The connection could not be restored.

Session expired

The server has moved on; the page needs a fresh start.